 Dungeon Crawl Stone Soup version 0.29-a0-409-gd843f3a48c (webtiles) character file.

Game seed: 9798990981355010111

20642 spiderkeys the Nimble (level 12, -6/64 HPs)
             Began as a Spriggan Abyssal Knight on May 14, 2022.
             Was an Elder of Lugonu.
             Succumbed to their own poison gas
             ... on level 2 of the Lair of Beasts.
             The game lasted 00:49:21 (21541 turns).

spiderkeys the Nimble (Spriggan Abyssal Knight)    Turns: 21541, Time: 00:49:22

Health: -6/64      AC: 11    Str:  9    XL:     12   Next: 47%
Magic:  20/20      EV: 24    Int: 13    God:    Lugonu [****..]
Gold:   1925       SH: 10    Dex: 19    Spells: 12/21 levels left

rFire   . . .      SeeInvis +   a - +1 short sword (vamp)
rCold   . . .      Faith    .   v - +3 warlock's mirror {reflect}
rNeg    . . .      Spirit   .   H - +0 acid dragon scales
rPois   .          Reflect  +   (helmet restricted)
rElec   .          Harm     .   K - +0 cloak
rCorr   +          Rampage  .   (gloves unavailable)
Will    ++...                   (boots unavailable)
Stlth   +++++.....              (no amulet)
HPRegen 0.20/turn               O - +4 ring of protection
MPRegen 0.17/turn               (no ring)

@: lethally poisoned (-6 -> -38), very quick
A: very small, no large weapons, unfitting armour, see invisible, speed 3
a: Renounce Religion, Depart the Abyss, Bend Space, Banish, Corrupt


You were on level 2 of the Lair of Beasts.
You worshipped Lugonu.
Lugonu was greatly pleased with you.
You visited 2 branches of the dungeon, and saw 15 of its levels.
You visited the Abyss 1 time.
You also visited: Sewer.

You collected 1925 gold pieces.


Innate Abilities, Weirdness & Mutations

You are very small and have problems with some larger weapons.
You are too small for most types of armour.
You have supernaturally acute eyesight. (SInv)
You cover ground extremely quickly. (Speed+++)


   Skills:
 - Level 8.0 Fighting
 - Level 9.0 Short Blades
 - Level 5.0 Slings
 + Level 13.3 Dodging
 - Level 10.6 Stealth
 - Level 3.0 Shields
 - Level 5.0 Spellcasting
 + Level 3.3 Transmutations
 + Level 8.7 Invocations
 - Level 5.3 Evocations


You had 12 spell levels left.
You knew the following spells:

 Your Spells              Type           Power      Damage    Failure   Level
c - Conjure Flame         Conj/Fire      3%         6-21      88%         3
i - Ignite Poison         Fire/Tmut/Pois 6%         N/A       77%         3
m - Mephitic Cloud        Conj/Pois/Air  3%         N/A       88%         3

Your spell library contained the following spells:

 Spells                   Type           Power      Damage    Failure   Level
 Animate Skeleton         Necr           6%         N/A       54%         1
 Magic Dart               Conj           12%        1d3       54%         1
 Pain                     Necr           12%        1d4       54%         1
 Searing Ray              Conj           6%         2d4       67%         2
 Vampiric Draining        Necr           3%         2d6       88%         3
 Animate Armour           Summ/Erth      6%         N/A       99%         4
 Fulminant Prism          Conj/Hex       1%         3d6       99%         4
 Sticky Flame             Conj/Fire      3%         2d3       99%         4
 Blade Hands              Tmut           5%         N/A       99%         5
 Fireball                 Conj/Fire      1%         3d3       100%        5
 Freezing Cloud           Conj/Ice/Air   1%         6-21      100%        5
 Iron Shot                Conj/Erth      1%         9d1       100%        6
 Borgnjor's Revivificati  Necr           1%         N/A       100%        8
 Necromutation            Tmut/Necr      3%         N/A       100%        8
 Death's Door             Necr           1%         N/A       100%        9
 Fire Storm               Conj/Fire      1%         8d1       100%        9

Inventory:

Hand Weapons
 a - a +1 vampiric short sword (weapon)
   (You took it off a kobold on level 3 of the Dungeon)
 b - a +1 vorpal hunting sling
   (You found it on level 4 of the Dungeon)
 t - a +3 dagger
   (You took it off a kobold on level 3 of the Dungeon)
 Y - the +7 staff of the Meek {protect, meekguard}
   (You found it on level 11 of the Dungeon)

   It grants its wielder temporary protection when it strikes (+7 to AC).
   It provides extra protection to wielders with little health.
Missiles
 k - 534 stones
 o - 23 poisoned darts
 B - a throwing net {=f!f}
 S - 2 boomerangs
Armour
 d - a +1 robe
   (You found it on level 4 of the Dungeon)
 r - a +0 robe
   (You found it on level 4 of the Dungeon)
 v - the +3 warlock's mirror (worn) {reflect}
   (You acquired it on level 4 of the Dungeon)

   It can block and reflect piercing ranged attacks and magical attacks against
   the wielder's willpower.
 z - a +2 robe of positive energy
   (You took it off a hobgoblin on level 3 of the Dungeon)
 H - +0 acid dragon scales (worn)
   (You found it on level 8 of the Dungeon)
 K - a +0 cloak (worn)
   (You found it on level 8 of the Dungeon)
 L - a +0 robe
   (You took it off an orc wizard on level 10 of the Dungeon)
 N - a +0 robe
   (You found it on level 9 of the Dungeon)
 P - a +0 robe
   (You took it off an orc wizard on level 9 of the Dungeon)
 Q - a +0 robe
   (You took it off an orc wizard on level 9 of the Dungeon)
 R - a +0 robe
   (You took it off an orc wizard on level 9 of the Dungeon)
 T - a +0 robe
   (You took it off an orc wizard on level 9 of the Dungeon)
 V - a +2 robe of fire resistance
   (You found it on level 10 of the Dungeon)
Magical Staves
 A - a staff of earth {!a}
   (You found it on level 2 of the Lair of Beasts)
Jewellery
 O - a +4 ring of protection (left hand)
   (You found it on level 4 of the Dungeon)
Wands
 i - a wand of paralysis (5)
   (You found it on level 4 of the Dungeon)
 p - a wand of flame (6)
   (You found it on level 3 of the Dungeon)
 E - a wand of digging (6)
   (You took it off a hobgoblin on level 4 of the Dungeon)
 J - a wand of iceblast (1)
   (You found it on level 7 of the Dungeon)
Scrolls
 g - 3 scrolls of vulnerability {!r!r}
 h - 8 scrolls of teleportation {@r4}
 m - 3 scrolls of fear
 n - a scroll of magic mapping {!r}
 s - a scroll of poison {!r}
 y - a scroll of enchant weapon
 D - a scroll of enchant armour
 F - 5 scrolls of immolation {!r!r}
Potions
 c - 3 potions of flight {unknown}
 e - a potion of cancellation {unknown}
 f - 4 potions of lignification {unknown}
 j - 3 potions of degeneration {!q}
 l - 2 potions of attraction {unknown}
 q - 5 potions of heal wounds {@q2}
 u - 2 potions of berserk rage {unknown}
 w - a potion of ambrosia {unknown}
 x - 3 potions of brilliance
 C - 6 potions of curing {@q1}
 G - a potion of haste {unknown}
 M - 3 potions of might
 U - a potion of invisibility {unknown}
 Z - a potion of mutation {unknown}

Dungeon Overview and Level Annotations

Branches:
Dungeon (12/15)            Temple (0/1) D:7            Lair (3/6) D:8
    Orc (0/2) D:10          Sewer (visited)
  Swamp: Lair:2-4    Shoals: Lair:2-4     Snake: Lair:2-4    Spider: Lair:2-4

Altars:
Gozag
Beogh

Annotations:
D:3 3 runed translucent doors, sammy202020's ghost, amateur MiFi
D:4 3 runed translucent doors, quinnr's ghost, amateur TeAE
D:11 3 runed translucent doors, mdonais's ghost, journeyman OpWn
Lair:2 exclusion: 4 oklob plants
Lair:3 Gastronok

#####...#.....##.#...###.#..#..##
# ##..####...P##...## ###..####
###....###P...###..#### #..#
##.#P...P.#...####..##.###..#####
.................................
.................................
....####P........#.###..##....##P
..P#.# ##.......††## #...##...###
..#### #.......@## #....##..P#
...# #......††## #...##P..## ..##
#.........# #..####..##
..#######.........####..###....##
...P##.#.........###....##.#...P#
.................................
.................................
...#.#...........###P..##.#..####
..###.............###..P###..#


There were no monsters in sight!


Message History

You puncture the yak! The yak misses you.
You hit the yak but do no damage. The yak gores you but does no damage.
You hit the yak. 😕 HP[+1]
You hit the yak.
You feel better. You block the yak's attack.
You barely miss the yak. The yak gores you!
You hit the yak.
You feel better. The yak closely misses you.
You hit the yak but do no damage. You hit the yak but do no damage.
The yak misses you. 😕 HP[-3]
You take 3 damage, and now have 58/64 hp.
You hit the yak.
You feel better. The yak completely misses you. 😕 HP[+2]
You regained 2 hp, and now have 60/64 hp.
You hit the yak but do no damage. You block the yak's attack.
You hit the yak.
You feel better. 😕 HP[+3]
You regained 3 hp, and now have 63/64 hp.
You hit the yak.
You kill the yak!
Lugonu accepts your kill.
No target in view!
No target in view!
No target in view!
No target in view!
No target in view!
No target in view!
No target in view!
No target in view!
No target in view!
No target in view!
No target in view!
No target in view!
No target in view!
No target in view!
No target in view!
No target in view!
No target in view!
No target in view!
No target in view!
No target in view!
No target in view!
o - 23 poisoned darts (gained 1) Gastronok the Ponderous comes into view. 😎 HP[+1]
Your hp is fully restored (64).
Throw: dart (curare) {=f}
Press: ? - help, Shift-Dir - straight line, f - Gastronok
Aim: Gastronok, wearing a +2 hat (wandering, hasn't noticed you, 94% to hit)
You throw a curare-tipped dart {=f}.
The curare-tipped dart {=f} barely misses Gastronok.
Okay, then.
Aiming: Paralyse
Press: ? - help, Shift-Dir - straight line, f/p - Gastronok
Aim: Gastronok, wearing a +2 hat (chance to affect: 15%)
Okay, then.
Okay, then.
Really read
s - 2 scrolls of poison {!r}?
Really read the scroll of poison?
The air fills with toxic fumes!
As you read the scroll of poison {!r}, it crumbles to dust.
You completely miss Gastronok. You hit Gastronok.
Gastronok is engulfed in poison gas.
Gastronok is poisoned.
Gastronok waves his eye-stalks in wide circles.
The air twists around and strikes you! 😕 HP[-11]
You take 11 damage, and now have 53/64 hp.
You hit Gastronok. You hit Gastronok.
Gastronok is engulfed in poison gas.
Gastronok looks even sicker.
Gastronok bites you!!
Ouch! That really hurt!
* * * LOW HITPOINT WARNING * * *
😨 HP[-34]
You take 34 damage, and now have 19/64 hp.
MASSIVE DAMAGE!! (PAUSE) Really read
I - a scroll of blinking {!r}?
Blink to where?
Press: ? - help, Dir - move target, p - Gastronok You can't see that place. [the floor.]
Okay, then.
Really read
I - a scroll of blinking {!r}?
Blink to where?
Press: ? - help, Dir - move target, p - Gastronok Really blink into that cloud of poison gas?
As you read the scroll of blinking {!r}, it crumbles to dust.
You are engulfed in poison gas.
You are lethally poisoned!
* * * LOW HITPOINT WARNING * * *
You feel very sick. 😱 HP[-4]
You take 4 damage, and now have 15/64 hp.
You are engulfed in poison gas.
You are more poisoned.
* * * LOW HITPOINT WARNING * * *
x2 You feel extremely sick.
Gastronok looks even sicker.
You climb upwards.
Level annotation: exclusion: 4 oklob plants You die...

Skill      XL: |  1  2  3  4  5  6  7  8  9 10 11 12 |
---------------+-------------------------------------+-----
Invocations    | 2 3 4 5 7 8 |  8.7
Stealth        | 1 2 3 5 7 9 10 | 10.6
Dodging        | 4 5 6 8 9 11 12 13 | 13.3
Short Blades   | 3 4 6 8 9 |  9.0
Fighting       | 3 4 5 6 7 8 |  8.0
Slings         | 3 5 |  5.0
Shields        | 3 |  3.0
Evocations     | 4 5 |  5.3
Spellcasting   | 4 5 |  5.0
Transmutations | 3 |  3.3

Action                   |  1- 3 |  4- 6 |  7- 9 | 10-12 || total
-------------------------+-------+-------+-------+-------++-------
Melee: Short sword       |    49 |   109 |   317 |  1573 ||  2048
       Punch             |     1 |     3 |       |       ||     4
       Dagger            |   156 |    48 |    13 |       ||   217
 Fire: Hunting sling     |       |    40 |   190 |     9 ||   239
Throw: Stone             |       |     6 |       |       ||     6
       Dart              |       |     7 |    59 |   133 ||   199
       Throwing net      |       |       |     1 |       ||     1
       Boomerang         |       |       |       |     2 ||     2
Invok: Bend Space        |       |       |     2 |     7 ||     9
       Banish            |       |       |       |    18 ||    18
Evoke: Wand              |       |     2 |     9 |    24 ||    35
  Use: Scroll            |       |     1 |     9 |     8 ||    18
       Potion            |       |       |       |     2 ||     2
 Stab: Sleeping          |     7 |    10 |    11 |    10 ||    38
       Distracted        |       |     1 |     1 |     3 ||     5
       Petrifying        |       |       |       |     3 ||     3
       Petrified         |       |       |       |     1 ||     1
Armor: Robe              |    16 |    12 |    38 |       ||    66
       Acid dragon scale |       |       |    23 |   146 ||   169
Dodge: Dodged            |   102 |   102 |   317 |   961 ||  1482
Block: Buckler           |       |       |   185 |   643 ||   828
       Reflection        |       |       |     1 |    19 ||    20

Levels and vault maps discovered:
D:1:      eino_arrival_cavern_d, layout_basic
D:2:      layout_basic, st_stairs_5, hex_large
D:3:      cheibrodos_fertilizer, layout_loops_corners, ebering_ghost_gozag,
          hellmonk_ecumenical_altar_lost_god, minmay_lizard_king
D:4:      layout_loops_ring, kennysheep_mini_moat,
          gammafunk_ghost_nasty_kobolds, supply_closet_lemuel
D:5:      layout_loops_cross, gup_sewer_entry_bubbles, feat_on_display,
          uniq_menkaure, uniq_ijyb
D:6:      layout_rooms
D:7:      layout_loops_ring, minmay_temple_entry_drinking_statues, uniq_joseph
D:8:      layout_basic, lair_entry_dummy
D:9:      layout_stronghold, st_stairs_14, kennysheep_pointless_box,
          bh_walls_and_bars
D:10:     layout_rooms, david_orc_5
D:11:     layout_basic, gammafunk_ghost_spectres, uniq_psyche
D:12:     dreamdust_labyrinth, layout_basic, serial_bayou_lake_a
Lair:1:   layout_long_grid
Lair:2:   minmay_lair_oklob_tunnel, layout_small_grid
Lair:3:   dpeg_oklob_gauntlet, layout_cave_pods,
          minmay_snake_entry_guardpost_medium,
          gammafunk_ghost_berserking_beasts, grunt_megastairs_3,
          lemuel_fruit_fields, uniq_gastronok

Notes
Turn   | Place    | Note
-------+----------+-------------------------------------------
     0 | Abyss:1  | spiderkeys the Spriggan Abyssal Knight began the quest for
                  | the Orb.
     0 | Abyss:1  | Reached XP level 1. HP: 11/11 MP: 3/3
     0 | Abyss:1  | magus.rc [v1.11.3]
    49 | Abyss:1  | Found a corrupted altar of Lugonu.
    73 | D:1      | You pass through the gate.
    73 | D:1      | Escaped the Abyss
   377 | D:1      | Reached skill level 2 in Invocations
   516 | D:1      | Reached XP level 2. HP: 16/16 MP: 4/4
   530 | D:1      | Reached skill level 1 in Stealth
  1294 | D:1      | Reached XP level 3. HP: 19/19 MP: 5/5
  1614 | D:1      | Reached *** piety under Lugonu
  2362 | D:2      | Reached skill level 2 in Stealth
  2807 | D:2      | Reached XP level 4. HP: 23/23 MP: 6/6
  2860 | D:2      | Reached skill level 4 in Dodging
  3123 | D:3      | Found a faded altar of an unknown god.
  3222 | D:3      | Reached skill level 3 in Short Blades
  3734 | D:3      | Reached skill level 3 in Fighting
  3798 | D:3      | Reached **** piety under Lugonu
  3909 | D:3      | Reached skill level 3 in Stealth
  3909 | D:3      | Reached XP level 5. HP: 28/28 MP: 8/8
  4333 | D:3      | Found a runed translucent gate.
  4333 | D:3      | Found a runed translucent gate.
  4333 | D:3      | Found a runed translucent gate.
  4335 | D:3      | Found an opulent altar of Gozag.
  4354 | D:3      | Noticed sammy202020's ghost (amateur MiFi)
  4876 | D:4      | Noticed a phantom
  4929 | D:4      | Noticed an ogre
  4955 | D:4      | Killed an ogre
  4956 | D:4      | Reached skill level 3 in Invocations
  4956 | D:4      | Reached XP level 6. HP: 32/32 MP: 9/9
  5043 | D:4      | Found an opulent altar of Gozag.
  5126 | D:4      | Reached skill level 4 in Stealth
  5199 | D:4      | Reached skill level 4 in Short Blades
  5199 | D:4      | Reached skill level 5 in Dodging
  5213 | D:4      | You add the spells Borgnjor's Revivification, Necromutation
                  | and Death's Door to your library.
  5795 | D:4      | Found a runed translucent gate.
  5795 | D:4      | Found a runed translucent gate.
  5795 | D:4      | Found a runed translucent gate.
  5796 | D:4      | Noticed quinnr's ghost (amateur TeAE)
  5977 | D:4      | Reached skill level 5 in Stealth
  5977 | D:4      | Reached XP level 7. HP: 37/37 MP: 10/10
  5978 | D:4      | Identified 2 scrolls of acquirement
  5978 | D:4      | Acquired the +3 warlock's mirror {reflect}
  5978 | D:4      | Found the +3 warlock's mirror {reflect}
  5985 | D:4      | Acquired 1087 gold pieces
  6143 | D:5      | Entered Level 5 of the Dungeon
  6146 | D:5      | Reached skill level 1 in Slings
  6153 | D:5      | Noticed Menkaure
  6229 | D:4      | Reached skill level 4 in Invocations
  6273 | D:5      | Reached skill level 2 in Slings
  6300 | D:5      | Found a glowing drain.
  6357 | Sewer    | Entered a sewer
  6392 | Sewer    | Reached skill level 4 in Fighting
  6392 | Sewer    | Reached skill level 6 in Dodging
  6771 | Sewer    | Reached ***** piety under Lugonu
  7232 | D:5      | Reached skill level 3 in Slings
  7232 | D:5      | Reached XP level 8. HP: 42/42 MP: 12/12
  7412 | D:5      | You pick up a book of Conjurations and begin reading...
  7412 | D:5      | You add the spells Magic Dart, Searing Ray and Fulminant
                  | Prism to your library.
  7608 | D:5      | Killed Menkaure
  7609 | D:5      | Reached skill level 7 in Dodging
  7635 | D:5      | Noticed Ijyb
  7650 | D:5      | Killed Ijyb
  7651 | D:5      | Reached skill level 5 in Invocations
  7873 | D:5      | Reached skill level 4 in Slings
  8517 | D:6      | Reached skill level 6 in Stealth
  8825 | D:7      | Noticed a two-headed ogre
  8989 | D:7      | Killed a two-headed ogre
  8990 | D:7      | Reached skill level 5 in Fighting
  8990 | D:7      | Reached skill level 5 in Slings
  8990 | D:7      | Reached skill level 8 in Dodging
  8990 | D:7      | Reached skill level 7 in Stealth
  8990 | D:7      | Reached XP level 9. HP: 47/47 MP: 14/14
  9218 | D:7      | Noticed Joseph
  9227 | D:7      | Killed Joseph
  9228 | D:7      | Reached skill level 8 in Stealth
  9228 | D:7      | Reached skill level 6 in Invocations
  9575 | D:7      | Found a staircase to the Ecumenical Temple.
 10039 | D:8      | Reached skill level 9 in Dodging
 10188 | D:8      | Reached skill level 9 in Stealth
 10395 | D:8      | Reached skill level 6 in Fighting
 10496 | D:8      | Found a staircase to the Lair.
 10919 | D:7      | Reached skill level 7 in Invocations
 10919 | D:7      | Reached XP level 10. HP: 40/53 MP: 16/16
 11421 | D:8      | Noticed a boulder beetle
 11422 | D:8      | Banished a boulder beetle
 11423 | D:8      | Reached skill level 10 in Dodging
 11423 | D:8      | Reached skill level 10 in Stealth
 11423 | D:8      | Reached skill level 1 in Shields
 11853 | D:8      | Reached skill level 5 in Short Blades
 12349 | D:9      | Reached skill level 2 in Shields
 12359 | D:9      | Reached skill level 1 in Evocations
 12665 | D:9      | You pick up a book of Necromancy and begin reading...
 12665 | D:9      | You add the spells Pain, Animate Skeleton and Vampiric
                  | Draining to your library.
 12755 | D:9      | Reached skill level 2 in Evocations
 13026 | D:9      | You pick up a book of Iron and begin reading...
 13026 | D:9      | You add the spells Animate Armour, Blade Hands and Iron
                  | Shot to your library.
 13370 | D:10     | Entered Level 10 of the Dungeon
 13625 | D:9      | Reached skill level 3 in Evocations
 13643 | D:9      | Reached skill level 6 in Short Blades
 13896 | D:9      | Reached skill level 11 in Dodging
 14039 | D:9      | magus.rc [v1.11.3]
 14123 | D:10     | Reached skill level 3 in Shields
 14165 | D:10     | Reached skill level 4 in Evocations
 14165 | D:10     | Reached XP level 11. HP: 45/58 MP: 17/17
 14367 | D:9      | HP: 11/58 [vampire mosquito (10)]
 14836 | D:10     | Noticed an orc knight
 14852 | D:10     | Banished an orc knight
 14853 | D:10     | Reached skill level 7 in Fighting
 15009 | D:10     | Reached skill level 5 in Evocations
 15152 | D:9      | Reached skill level 7 in Short Blades
 15591 | D:10     | Found a staircase to the Orcish Mines.
 15878 | D:10     | Reached skill level 1 in Spellcasting
 16118 | D:11     | Noticed a boulder beetle
 16119 | D:11     | Banished a boulder beetle
 16189 | D:11     | Found the +7 staff of the Meek {protect, meekguard}
 16227 | D:11     | Reached skill level 2 in Spellcasting
 16286 | D:11     | Reached skill level 12 in Dodging
 16977 | D:11     | Noticed Psyche
 16984 | D:11     | Killed Psyche
 16985 | D:11     | Reached skill level 3 in Spellcasting
 17215 | D:11     | Reached skill level 8 in Short Blades
 17265 | D:11     | You add the spells Conjure Flame and Fire Storm to your
                  | library.
 17265 | D:11     | Got the Handbook of the Blaze
 17299 | D:11     | Learned a level 3 spell: Conjure Flame
 17536 | D:11     | Found a runed translucent gate.
 17536 | D:11     | Found a runed translucent gate.
 17537 | D:11     | Found a runed translucent gate.
 17649 | D:11     | Noticed mdonais's ghost (journeyman OpWn)
 18115 | D:12     | Noticed a cyan ugly thing
 18207 | Lair:1   | Entered Level 1 of the Lair of Beasts
 18272 | Lair:1   | HP: 11/60 [poisoned by a cane toad]
 18276 | Lair:1   | Reached skill level 4 in Spellcasting
 18280 | Lair:1   | HP: 15/60 [poisoned by a cane toad]
 18817 | Lair:1   | Reached skill level 8 in Invocations
 18817 | Lair:1   | Reached XP level 12. HP: 64/64 MP: 19/19
 19881 | Lair:2   | Reached skill level 8 in Fighting
 20456 | Lair:2   | You add the spells Ignite Poison, Mephitic Cloud and
                  | Freezing Cloud to your library.
 20461 | Lair:2   | Learned a level 3 spell: Mephitic Cloud
 20465 | Lair:2   | Learned a level 3 spell: Ignite Poison
 20491 | Lair:2   | You add the spells Sticky Flame and Fireball to your
                  | library.
 20491 | Lair:2   | Got the Reference Book on Damaging Unholy Arts
 20587 | Lair:2   | Reached skill level 5 in Spellcasting
 20779 | Lair:2   | Reached skill level 1 in Transmutations
 21331 | Lair:3   | Noticed a six-headed hydra
 21333 | Lair:3   | Reached skill level 13 in Dodging
 21336 | Lair:3   | Banished a six-headed hydra
 21337 | Lair:3   | Reached skill level 2 in Transmutations
 21446 | Lair:2   | Reached skill level 9 in Short Blades
 21497 | Lair:2   | Reached skill level 3 in Transmutations
 21532 | Lair:3   | Noticed Gastronok
 21539 | Lair:3   | HP: 15/64 [poisoned by you (poison gas)]
 21540 | Lair:3   | HP: 4/64 [poisoned by you (poison gas)]
 21541 | Lair:2   | Succumbed to their own poison gas

Vanquished Creatures
  A two-headed ogre (D:7)
  A cyclops (D:11)
  Joseph (D:7)
  2 black mambas
  2 cane toads
  Psyche (D:11)
  3 komodo dragons
  2 rime drakes (Lair:2)
  3 blink frogs (Lair:3)
  42 yaks
  3 vampire mosquitoes
  3 basilisks
  Menkaure (D:5)
  An acid dragon (D:8)
  5 water moccasins
  2 black bears
  A sky beast (D:7)
  4 ogres
  7 orc warriors
  10 wolves (Lair:1)
  2 centaurs
  A phantom (D:4)
  4 kobold brigands
  5 bullfrogs
  A gnoll sergeant (D:7)
  A necrophage (D:6)
  2 scorpions
  20 killer bees
  4 electric eels (D:11)
  A howler monkey (D:8)
  5 jellies
  8 orc priests
  3 hounds
  Ijyb (D:5)
  2 iguanas (D:5)
  6 orc wizards
  4 gnolls
  11 adders
  A river rat (Sewer)
  2 shadow imps
  3 white imps
  5 worms
  3 dart slugs
  40 orcs
  5 bats
  23 endoplasms
  6 giant cockroaches
  10 goblins
  8 hobgoblins
  29 kobolds
  3 quokkas
  9 ball pythons
  14 frilled lizards
  13 rats
350 creatures vanquished.

Vanquished Creatures (others)
  12 fungi
  47 plants
  8 toadstools (D:3)
67 creatures vanquished.

Grand Total: 417 creatures vanquished

Table legend:
 A = Non-vault XP
 B = Vault XP
 C = Vault XP percentage of total XP
 D = Non-vault monster count
 E = Vault monster count
 F = Vault count percentage of total count
                 A         B        C        D         E       F
            +---------+---------+-------+---------+---------+-------
      Total |   26154 |    3335 |  11.3 |     264 |      95 |  26.5
            +---------+---------+-------+---------+---------+-------
        D:1 |      53 |       0 |   0.0 |      32 |       0 |   0.0
        D:2 |      50 |       6 |  10.7 |      22 |       2 |   8.3
        D:3 |      37 |     128 |  77.6 |      10 |      30 |  75.0
        D:4 |     737 |       0 |   0.0 |      16 |       0 |   0.0
        D:5 |     427 |     226 |  34.6 |       9 |       7 |  43.8
        D:6 |     349 |       0 |   0.0 |      10 |       0 |   0.0
        D:7 |    1566 |     450 |  22.3 |      17 |       1 |   5.6
        D:8 |    2631 |       0 |   0.0 |      23 |       0 |   0.0
        D:9 |    4293 |     508 |  10.6 |      40 |       7 |  14.9
       D:10 |    2682 |     934 |  25.8 |      23 |      18 |  43.9
       D:11 |    4922 |     391 |   7.4 |      24 |       1 |   4.0
     Lair:1 |    2300 |       0 |   0.0 |      14 |       0 |   0.0
     Lair:2 |    4239 |     403 |   8.7 |      19 |       1 |   5.0
     Lair:3 |    1868 |       0 |   0.0 |       5 |       0 |   0.0
      Sewer |       0 |     289 | 100.0 |       0 |      28 | 100.0
            +---------+---------+-------+---------+---------+-------

Illustrated notes

Table legend:
 A = Kills in this place as a percentage of kills in entire the game.
 B = Kills by you in this place as a percentage of kills by you in the entire game.
 C = Kills by friends in this place as a percentage of kills by friends in the entire game.
 D = Other kills in this place as a percentage of other kills in the entire game.
 E = Experience gained in this place as a percentage of experience gained in the entire game.
 F = Experience gained in this place divided by the number of levels of this place that you have seen.
                   A       B       C       D       E      F
               +-------+-------+-------+-------+-------+----------------------
         Total | 100.0 | 100.0 |   N/A | 100.0 | 100.0 | 1734.6
       Dungeon |  81.3 |  81.1 |   N/A |  88.9 |  69.1 | 1699.2
          Lair |  10.9 |  10.9 |   N/A |  11.1 |  29.9 | 2936.7
         Sewer |   7.8 |   8.0 |   N/A |   0.0 |   1.0 | 289.0
               +-------+-------+-------+-------+-------+----------------------

Table legend: (Time is in decaauts)
 A = Elapsed time spent in this place.
 B = Non-inter-level travel time spent in this place.
 C = Inter-level travel time spent in this place.
 D = Time resting spent in this place.
 E = Time spent auto-exploring this place.
 F = Levels seen in this place.
 G = Mean time per level.
                   A        B        C        D        E       F      G
               +--------+--------+--------+--------+--------+-----+--------+
         Total |  17111 |  16888 |    223 |   4058 |   8232 |  17 | 1006.5 |
       Dungeon |  13785 |  13586 |    199 |   3496 |   6464 |  12 | 1148.8 |
          Lair |   2543 |   2519 |     24 |    561 |   1262 |   3 |  847.7 |
         Abyss |     44 |     44 |      0 |      0 |     11 |   1 |   44.0 |
         Sewer |    738 |    738 |      0 |      0 |    494 |   1 |  738.0 |
               +--------+--------+--------+--------+--------+-----+--------+

Top non-repeatable levels by time:
     D:9: 2464 daAuts
     D:1: 1641 daAuts
     D:8: 1551 daAuts
  Lair:2: 1508 daAuts
     D:3: 1361 daAuts
    D:10: 1309 daAuts
    D:11: 1270 daAuts
     D:7: 1098 daAuts
     D:4: 969 daAuts
  Lair:1: 947 daAuts
     D:5: 857 daAuts
   Sewer: 738 daAuts
     D:2: 703 daAuts
     D:6: 507 daAuts
  Lair:3: 87 daAuts
